Unix NetHack Version 3.7.0-97 Work-in-progress - last build Jan 20 2024 17:37:35 (157cf090cb53e479d994ec1a4552202481ff9585,branch:master). Game began 2024-01-21 12:34:59, ended 2024-01-27 11:06:02. playerb, chaotic male orcish Wizard --- |..-- --- -----|.....--.-- -----------...--<.%......| |..--......)%...`.......-- |..^..-------....%......| ------..---- --..........| .---G.)...-- |..........| ......--.--- ---........| ..........- --.......-- ......).... G |........| ......@:T. |.......-- -........ --..----- ......- |..| .-- --- Playerb the Thaumaturge St:11 Dx:18 Co:17 In:16 Wi:13 Ch:9 Chaotic S:3022 Dlvl:8 $:0 HP:0(39) Pw:3(40) AC:1 Xp:6/607 T:5608 Latest messages: You can't go up here. You descend the stairs. You hear some noises in the distance. You hear some noises. The large cat bites the snake. The snake bites the large cat. The snake bites! In what direction? h You kill it! You learn more about your items by comparing them. u - an uncursed slime mold (2 in total). C - a green gem. What do you want to adjust? [a-fhimoux-zCDRWX or ?*] X Adjust letter to what [gj-lnp-tvwABE-QS-VX-Z] (? see used letters)? l Moving: l - an uncursed lamp called ~normal lamp. What do you want to use or apply? [cfhlmW or ?*] l Your lamp is now on. A board beneath you squeaks an F note loudly. You notice a dog smell. Pick an object. In what direction? l The dagger hits the rope golem. It touches you! You're covered in frost! Something casts a spell at you! You feel as if you need some help. You feel a malignant aura surround you. It touches you! You're covered in frost! You hear a mumbled curse. The rope golem hits! The rope golem misses! The gnome turns into a rock troll! Pick an object. What do you want to use or apply? [cfhlmW or ?*] c A potion spills out. E - an effervescent potion. In what direction? y The magic missile hits the rope golem! The magic missile hits it. The rope golem hits! The rope golem hits again! The rope golem grabs you! In what direction? y You destroy the rope golem! In what direction? l The magic missile hits the rock troll! It bites! You die... Do you want your possessions identified? [ynq] (y) q Inventory: Weapons a - a blessed +0 dagger (weapon in right hand) i - 15 +0 daggers (at the ready) b - a blessed +1 quarterstaff (alternate weapon; not wielded) Armor y - an uncursed +2 orcish helm (being worn) z - a blessed +1 pair of iron shoes (being worn) x - an uncursed +0 cloak of magic resistance (being worn) o - a cursed +0 dwarvish cloak D - an uncursed +0 leather armor (being worn) Comestibles u - 2 uncursed slime molds Potions E - an uncursed potion of booze Rings e - an uncursed +2 ring of gain strength R - a cursed +0 ring of increase damage d - an uncursed ring of warning Wands W - a cursed wand of digging (0:5) Tools f - an uncursed bag of holding containing 21 items m - an empty uncursed sack c - a horn of plenty (0:8) h - a cursed lock pick l - an uncursed oil lamp (lit) Gems/Stones C - an uncursed worthless piece of green glass Contents of the bag of holding: 234 gold pieces an uncursed +0 small shield an uncursed scroll of teleportation an uncursed scroll of enchant weapon 3 uncursed scrolls of identify an uncursed scroll of blank paper an uncursed scroll of confuse monster a cursed potion of fruit juice a blessed potion of restore ability an uncursed potion of gain ability an uncursed potion of sleeping a cursed ring of fire resistance named c? a +0 pick-axe an uncursed worthless piece of black glass an uncursed worthless piece of blue glass 2 uncursed turquoise stones an uncursed agate stone 2 uncursed worthless pieces of red glass an uncursed worthless piece of violet glass an uncursed worthless piece of yellow glass 2 uncursed worthless pieces of green glass Playerb the Wizard's attributes: Background: You were a Thaumaturge, a level 6 male orcish Wizard. You were chaotic, on a mission for Anhur who was opposed by Ptah (lawful) and Thoth (neutral). You were right-handed. You were in the Gnomish Mines, on level 8. You entered the dungeon 5608 turns ago. There was a full moon in effect when your adventure ended. You had 607 experience points, 33 more were needed to attain level 7. Your score was 3022 before end-of-game adjustments. Basics: You had 0 out of 39 hit points. You had 3 out of 40 energy points (spell power). Your armor class was 1. Your wallet was empty, but you had 234 zorkmids stashed away in your pack. Autopickup was off. Final Characteristics: Your strength was 11 (limit:18/50). Your dexterity was 18 (limit:18). Your constitution was 17 (limit:18). Your intelligence was 16 (limit:16). Your wisdom was 13 (limit:16). Your charisma was 9 (limit:16). Final Status: You weren't hungry. You were unencumbered. You were wielding a dagger. You had basic skill with dagger and could have enhanced that. Final Attributes: You were piously aligned. You were magic-protected. You were poison resistant. You had infravision. You were warded. You were lucky. You are dead. Miscellaneous: You encountered 1 bones level. Total elapsed playing time was 1 hour, 43 minutes and 53 seconds. Major events: Turn 1: playerb the chaotic male orcish Wizard entered the dungeon 1629: entered the Gnomish Mines 1827: attained the rank of Conjurer (level 3) 2699: destroyed nurdglaw's ghost, the former Rogue 4476: attained the rank of Thaumaturge (level 6) 4487: reached Mine Town 5608: killed by an invisible coyote Vanquished creatures: a ghost 3 watchmen a gnome ruler a snake a rope golem 3 Uruk-hai an orc shaman a rock piercer 2 ponies 5 gnome leaders 2 gnomish wizards 2 elf zombies a paper golem 8 dwarves a homunculus 2 hill orcs 5 monkeys 5 orc zombies 3 dwarf zombies a werejackal an iguana 2 killer bees an acid blob 2 hobbits a large kobold 2 giant rats 2 cave spiders a red mold 33 gnomes a garter snake 3 gnome zombies 4 geckos 4 jackals a fox a kobold 2 goblins 4 sewer rats 4 grid bugs 3 lichens 2 kobold zombies 10 newts 133 creatures vanquished. No species were genocided or became extinct. Voluntary challenges: You read items or engraved 3 times. You engraved Elbereth 2 times. You never genocided any monsters. You never polymorphed an object. You never changed form. You used no wishes. Achievements: You entered the Gnomish Mines. You attained the rank of Conjurer. You attained the rank of Thaumaturge. You entered Minetown. You entered a temple. You entered a shop. The Dungeons of Doom: levels 1 to 6 Level 1: Level 2: An altar. Level 3: Many fountains, a sink. Level 4: Stairs down to The Gnomish Mines. Level 5: "throne room" Many fountains. Final resting place for nurdglaw-Rog-Hum-Fem-Cha, killed by an Uruk-hai. Level 6: A grave. The Gnomish Mines: levels 5 to 8 Level 5: Level 6: Level 7: A temple and an altar, some fountains. Level 8: <- You were here. Final resting place for you, killed by an invisible coyote. Game over: ---------- / \ / REST \ / IN \ / PEACE \ / \ | playerb | | 234 Au | | killed by an | | invisible coyote | | | | | | 2024 | *| * * * | * _________)/\\_//(\/(/\)/\//\/|_)_______ Goodbye playerb the Wizard... You died in The Gnomish Mines on dungeon level 8 with 2999 points, and 234 pieces of gold, after 5608 moves. You were level 6 with a maximum of 39 hit points when you died.